 Dungeon Crawl Stone Soup version 0.27-a0-1529-g1e82c303ef (webtiles) character file.

Game seed: 13612845075516659718

16 avis the Insei (level 2, -2/18 HPs)
             Began as an Octopode Transmuter on July 12, 2021.
             Slain by an orc wizard (4 damage)
             ... on level 1 of the Dungeon.
             The game lasted 00:05:27 (1544 turns).

avis the Insei (Octopode Transmuter)                Turns: 1544, Time: 00:05:28

Health: -2/18      AC:  1    Str:  9    XL:     2   Next: 54%
Magic:  5/5        EV: 13    Int: 15    God:
Gold:   54         SH:  0    Dex: 12    Spells: 4/5 levels left

rFire    . . .     SeeInvis .   a - +0 short sword
rCold    . . .     Faith    .   (no shield)
rNeg     . . .     Spirit   .   (helmet currently unavailable)
rPois    .         Reflect  .   (no amulet)
rElec    .         Harm     .   (no ring)
rCorr    .         Rampage  .   (no ring)
Will     .....                  (no ring)
Stlth    ++........             (no ring)
HPRegen  0.06/turn              (no ring)
MPRegen  0.09/turn              (no ring)
                                (no ring)
                                (no ring)

@: appendages (expiring)
A: tentacle spike 3, almost no armour, amphibious, 8 rings, camouflage 1,
gelatinous body 1, (nimble swimmer 1), tentacles
a: End Transformation


You were on level 1 of the Dungeon.
One of your tentacles had grown a beastly spike.
You visited 1 branch of the dungeon, and saw 2 of its levels.

You collected 54 gold pieces.

Inventory:

Hand Weapons
 a - a +0 short sword (weapon)
Missiles
 b - 2 stones
 c - 18 arrows
 f - 19 poisoned darts
Jewellery
 e - a ring of protection from fire
Potions
 d - a potion of berserk rage {unknown}


   Skills:
 - Level 1.0 Fighting
 - Level 2.0 Dodging
 * Level 3.8 Unarmed Combat
 - Level 2.0 Spellcasting
 - Level 2.0 Transmutations


You had 4 spell levels left.
You knew the following spells:

 Your Spells              Type           Power      Damage    Failure   Level
a - Beastly Appendage     Tmut           14%        N/A       10%         1

Your spell library contained the following spells:

 Spells                   Type           Power      Damage    Failure   Level
 Wereblood                Tmut           7%         N/A       14%         2
 Spider Form              Tmut/Pois      2%         N/A       41%         3
 Mephitic Cloud           Conj/Pois/Air  1%         N/A       54%         3
 Ice Form                 Ice/Tmut       4%         N/A       82%         4
 Fulminant Prism          Conj/Hex       0%         3d6       91%         4
 Silence                  Hex/Air        0%         N/A       99%         5
 Discord                  Hex            0%         N/A       100%        8


Dungeon Overview and Level Annotations

Branches:
Dungeon (2/15)

Altars:

Annotations:
D:2 Sigmund


Innate Abilities, Weirdness & Mutations

One of your tentacles has grown a beastly spike.
You cannot wear most types of armour.
You are amphibious.
You can wear up to eight rings at the same time.
Your skin changes colour to match your surroundings (Stealth+).
Your rubbery body absorbs attacks. (AC +1, EV +1)
((You are camouflaged near water. (Stealth+)))
You have tentacles for arms and can constrict up to eight enemies at once.


Message History

You climb upwards.
There is a stone staircase leading down here.
Your tentacle spike disappears.
Magic restored.
You see here a +0 hand axe.
There is a stone staircase leading down here.
Casting: Beastly Appendage (safe; 10% risk of failure)
Confirm with . or Enter, or press ? or * to list all spells.
One of your tentacles grows a vicious spike.
You climb downwards.
Level annotation: Sigmund
There is a stone staircase leading up here.
The orc shouts!
You hear a shout! x2
There is a stone staircase leading up here.
Your transformation is almost over.
Casting: Beastly Appendage (safe; 10% risk of failure)
Confirm with . or Enter, or press ? or * to list all spells.
You extend your transformation's duration.
You climb upwards.
There is a stone staircase leading down here.
You climb downwards.
Level annotation: Sigmund The orc wizard gestures at you while chanting.
The puff of flame hits you!
Ouch! That really hurt!
There is a stone staircase leading up here.
Your transformation is almost over.
The orc wizard misses you. The orc closely misses you.
You climb upwards.
There is a stone staircase leading down here.
The orc wizard hits you with a +2 dagger of protection!
* * * LOW HITPOINT WARNING * * *
You closely miss the orc wizard. You grab the orc wizard.
You constrict the orc wizard, but do no damage.
The orc wizard barely misses you.
You completely miss the orc wizard.
You squeeze the orc wizard, but do no damage.
You constrict the orc wizard, but do no damage.
The orc wizard hits you with a +2 dagger of protection.
You die...

#.#..#.#######...8.8.8.
##########.#..#.......+....'....
#.............#.#######....#8.8.
#.########+#.##.# #######... #.#
#.....##.#############... #.#
#.....##........)........ #.#
#.....##o.......######### #.#
#.....##o#.......# #.... #.#
#.....##@#.......# #.### #.#
#.....##.#####.#.## #.#.. #.#
#.................# #.#.# #.#
#....###.#####.##.###.#.# #.#
#....# #.##....##..##.#.# #.#
#....# #.##....###.##.#†# #.#
#....# #.##....#....#.#.# #.#
#....# #.##....#....#.#.# #.#
###'## #.##....#......#.#


You could see an orc wizard and an orc.

Vanquished Creatures
  A dart slug (D:1)
  2 ball pythons (D:1)
  A goblin (D:2)
  5 hobgoblins
  A kobold (D:1)
  2 frilled lizards
12 creatures vanquished.

Notes
Turn   | Place    | Note
-------+----------+-------------------------------------------
     0 | D:1      | avis the Octopode Transmuter began the quest for the Orb.
     0 | D:1      | Reached XP level 1. HP: 13/13 MP: 3/3
   233 | D:1      | Found a faded altar of an unknown god.
   246 | D:1      | Reached XP level 2. HP: 16/18 MP: 3/5
  1190 | D:2      | Got Sif Muna's Papyrus of Toxic Malediction
  1338 | D:2      | Noticed Sigmund
  1544 | D:1      | Slain by an orc wizard

Illustrated notes

Levels and vault maps discovered:
D:1:      minmay_arrival_open_corners, layout_basic,
          ebering_ecumenical_altar_ruins
D:2:      cheibrodos_pilgrimage, layout_basic, uniq_sigmund

Action                   || total
-------------------------++-------
Melee: Short sword       ||    25
       Constrict         ||     9
       Tentacles         ||     7
       Kick              ||     2
 Cast: Beastly Appendage ||    16
 Stab: Sleeping          ||     2
Armor: Skin              ||     2
Dodge: Dodged            ||    18

Table legend: (Time is in decaauts)
 A = Elapsed time spent in this place.
 B = Non-inter-level travel time spent in this place.
 C = Inter-level travel time spent in this place.
 D = Time resting spent in this place.
 E = Time spent auto-exploring this place.
 F = Levels seen in this place.
 G = Mean time per level.
                   A        B        C        D        E       F      G
               +--------+--------+--------+--------+--------+-----+--------+
         Total |   1551 |   1371 |    180 |    215 |    849 |   2 |  775.5 |
       Dungeon |   1551 |   1371 |    180 |    215 |    849 |   2 |  775.5 |
               +--------+--------+--------+--------+--------+-----+--------+

Top non-repeatable levels by time:
     D:1: 1180 daAuts
     D:2: 370 daAuts
